 Dungeon Crawl Stone Soup version 0.18-a0-1203-gbde16db (console) character file.

71 utis the Cutter (level 4, -1/25 HPs)
             Began as a Deep Elf Gladiator on Jan 31, 2016.
             Killed by divine providence
             ... invoked by an orc priest
              (14 damage)
             ... on level 3 of the Dungeon.
             The game lasted 00:06:31 (2428 turns).

utis the Cutter (Deep Elf Gladiator)                Turns: 2428, Time: 00:06:31

Health: -1/25      AC:  7    Str: 12    XL:     4   Next: 5%
Magic:  6/6        EV:  9    Int: 14    God:
Gold:   79         SH:  0    Dex: 15    Spells: 0 memorised, 3 levels left

rFire  . . .     SeeInvis .     k - +1 dagger (drain) {=f}
rCold  . . .     Gourm    .     r - +0 scale mail
rNeg   . . .     Faith    .     (no shield)
rPois  .         Spirit   .     v - +0 helmet
rElec  .         Dismiss  .     (no cloak)
rCorr  .         Reflect  .     (no gloves)
SustAt .         Harm     .     (no boots)
MR     .....                    (no amulet)
Stlth  ..........               (no ring)
                                (no ring)

@: heavily drained, not resistant to hostile enchantments, extremely unstealthy
A: no striking features
a: no special abilities


You were on level 3 of the Dungeon.
You were not hungry.

You visited 1 branch of the dungeon, and saw 3 of its levels.

You collected 79 gold pieces.

Inventory:

Hand Weapons
 a - a +0 rapier
 c - a +0 blowgun
 k - a +1 dagger of draining (weapon) {=f}
Missiles
 d - 3 throwing nets {=f}
 m - 64 stones (quivered)
 q - 18 poisoned needles
Armour
 b - a +0 leather armour
 h - a +0 ring mail
 r - a +0 scale mail (worn)
 v - a +0 helmet (worn)
Jewellery
 e - a +3 ring of dexterity {unknown}
Scrolls
 g - a scroll of recharging
 s - a scroll of remove curse
 w - a scroll of teleportation {!r}
Potions
 i - a potion of haste {unknown}
 j - 2 potions of heal wounds {unknown}
 l - 2 potions of curing {unknown}
 n - 2 potions of invisibility {unknown}
 t - a potion of lignification {unknown}
 u - a potion of poison {unknown}
Comestibles
 f - 4 bread rations
 o - a beef jerky
 p - 2 chunks of flesh


   Skills:
 - Level 1.5(0.1) Fighting
 + Level 4.9(3.4) Short Blades
 - Level 2.0(0.5) Throwing
 - Level 3.6(2.1) Dodging


You had 3 spell levels left.
You didn't know any spells.

Dungeon Overview and Level Annotations

Branches:
Dungeon (3/15)

Altars:
Fedhas
Nemelex Xobeh
Sif Muna


Message History

Some of the chunks of flesh in your inventory have rotted away.
You see here 22 arrows.
An orc comes into view. It is wielding a trident.
The orc shouts!
An orc comes into view.
An orc comes into view. It is wielding a mace.
The orc shouts!
An orc priest comes into view. It is wielding a flail.
The orc hits you from afar with a trident.
The orc priest invokes the aid of Beogh against you.
Something smites you!
* * * LOW HITPOINT WARNING * * *
The orc closely misses you.
Something hits the fungus.
You see here a giant cockroach corpse.
You see here a club.
The orc priest calls down the wrath of Beogh upon you.
Something smites you!
Ouch! That really hurt!
You die...

..o.o..o.▓...▓▓▓▓▓o....▓
........▓▓.▓.▓ ▓o▓▓▓.▓
.▓▓▓▓......▓.▓ ▓.▓ ▓.▓
.▓▓▓▓......▓.▓ ▓.▓ ▓.▓
.............▓▓▓▓▓o▓ ▓.▓
▓▓▓▓▓......▓.......▓ ▓.▓
▓......▓▓▓▓▓o.▓▓ ▓.▓
▓▓▓.▓▓.▓ ▓..▓ ▓.▓
▓.▓▓.▓▓▓▓▓e.▓▓▓▓.▓
▓.▓▓.............▓
▓.▓▓▓▓▓▓▓▓..▓▓▓▓▓▓ ▓.▓
▓..▓ ▓.▓ ▓..▓ ▓.. ▓..▓
▓..▓ ▓..▓ ▓..


You could see an orc priest and 2 orcs.

Vanquished Creatures
  2 adders (D:2)
  An ooze (D:1)
  A worm (D:2)
  A giant gecko (D:1)
  An orc (D:3)
  4 giant cockroaches
  5 goblins
  4 hobgoblins
  A quokka (D:2)
  8 bats
  11 kobolds
  7 rats
46 creatures vanquished.

Vanquished Creatures (others)
  A fungus (D:3)
1 creature vanquished.

Grand Total: 47 creatures vanquished

Notes
Turn   | Place    | Note
--------------------------------------------------------------
     0 | D:1      | utis the Deep Elf Gladiator began the quest for the Orb.
     0 | D:1      | Reached XP level 1. HP: 12/12 MP: 3/3
   229 | D:1      | Reached XP level 2. HP: 16/16 MP: 4/4
   598 | D:1      | Reached skill level 4 in Short Blades
   862 | D:1      | Found a sparkling altar of Nemelex Xobeh.
  1125 | D:2      | Reached XP level 3. HP: 11/20 MP: 5/5
  1971 | D:2      | Found a deep blue altar of Sif Muna.
  2196 | D:3      | Reached XP level 4. HP: 17/25 MP: 6/6
  2359 | D:3      | Found a blossoming altar of Fedhas.
  2428 | D:3      | Killed from afar by an orc priest

Vault maps used:
D:1:      minmay_arrival_nine_rooms, st_stairs_10, minmay_crystal_water,
          nemelex_xobeh_ov_fountains_minmay
D:2:      lemuel_blue_sif_altar
D:3:      fedhas_altar_3, uniq_sigmund, uniq_natasha

Action                   |  1- 3 |  4- 6 || total
-------------------------+-------+-------++-------
Melee: Rapier            |   100 |       ||   100
       Dagger            |    61 |     4 ||    65
Throw: Stone             |     8 |     1 ||     9
  Use: Scroll            |     4 |       ||     4
  Eat: Chunk             |     4 |     1 ||     5
